 Dungeon Crawl Stone Soup version 0.14.0-26-g1682e81 (webtiles) character file.

1297 Heini the Cleaver (level 8, -1/70 HPs)
             Began as a Hill Orc Fighter on Apr 26, 2014.
             Slain by Duvessa
             ... wielding a +2,+4 short sword of freezing
              (5 damage)
             ... on Level 5 of the Dungeon.
             The game lasted 00:14:58 (3857 turns).

Heini the Cleaver (Hill Orc Fighter)                Turns: 3857, Time: 00:14:58

HP  -1/70        AC 15     Str 21      XL: 8   Next: 23%
MP   8/8         EV  7     Int  8      God:
Gold 271         SH  0     Dex 10      Spells:  0 memorised,  7 levels left

rFire  . . .     SeeInvis .     x - +0 battleaxe
rCold  . . .     Clarity  .     r - +0 chain mail
rNeg   . . .     Conserve .     (no shield)
rPois  .         rCorr    .     v - +0 helmet
rElec  .         rRot     .     y - +0 cloak
SustAb . .       Spirit   .     i - +1 pair of gloves
rMut   .         Warding  .     (no boots)
Saprov + . .     Stasis   +     j - amulet of stasis
MR     .....                    (no ring)
                                (no ring)

@: glowing, not resistant to hostile enchantments, extremely unstealthy
A: saprovore 1
a: no special abilities


You were on level 5 of the Dungeon.
You were hungry.

You visited 1 branch of the dungeon, and saw 5 of its levels.
You also visited: Sewer.

You collected 271 gold pieces.

Inventory:

Hand weapons
 a - a +1,+1 war axe
 x - a +0,+0 battleaxe (weapon)
Armour
 c - a +0 shield
 i - a +1 pair of gloves (worn)
 r - a +0 chain mail (worn)
 v - a +0 helmet (worn)
 y - a +0 cloak (worn)
Magical devices
 z - a wand of digging (6) {unknown}
Comestibles
 d - a meat ration
 f - 4 bread rations
 l - a sausage
 o - an apple
Scrolls
 h - a scroll of remove curse
 k - 3 scrolls of enchant weapon II
 p - 3 scrolls of teleportation
 s - 6 scrolls of identify
 t - a scroll of magic mapping
Jewellery
 j - an amulet of stasis (around neck)
Potions
 b - a potion of heal wounds {unknown}
 e - a potion of might
 g - 5 potions of flight
 m - a potion of curing
 n - a potion of poison {unknown}
 q - 2 potions of resistance {unknown}


   Skills:
 * Level 6.0 Fighting
 * Level 8.7 Axes
 * Level 6.7 Armour
   Level 3.5 Shields


You had 7 spell levels left.
You didn't know any spells.

Dungeon Overview and Level Annotations

Branches:
Dungeon (5/15)
 Temple: D:4-7

Altars:
Ashenzari
Fedhas
Sif Muna

Annotations:
D:5 Duvessa


Innate Abilities, Weirdness & Mutations

You can tolerate rotten meat.


Message History

You hit Duvessa.
Duvessa is heavily wounded.
Duvessa hits you with a short sword of freezing.
* * * LOW HITPOINT WARNING * * *
Duvessa freezes you.
* * * LOW HITPOINT WARNING * * *
Duvessa closely misses you.
You hit Duvessa but do no damage.
Duvessa is heavily wounded.
Duvessa hits you but does no damage.
Duvessa hits you with a short sword of freezing.
* * * LOW HITPOINT WARNING * * *
Duvessa freezes you.
* * * LOW HITPOINT WARNING * * *
You closely miss Duvessa.
Duvessa is heavily wounded.
Duvessa hits you with a short sword of freezing!
* * * LOW HITPOINT WARNING * * *
Duvessa freezes you.
You die...

##..,,#.#######,,,* ***,,,*****
....S,#.#.....#**** *****
....o.#.#.....######
......b<...........###
.....................####
...##.#....##...##.#....####
.,,*#.#....##......#.......#
**,*#,#....##..e...#.......#
**,*#.#.########@.....#....#####
,,,.................)........).##
,,,............%......[..........
**,##.#.##########....%####......
*,**,*,,, #.....#...[..... ,,,,,
,,, *** * #.....#.......##
**,**,* ,,* ,,** #...#.#....####
,*,**,*****,,,,**#.#.#.####.#
,,,,,, ,,,,,,,,,............#


You could see Duvessa (berserk).

Vanquished Creatures
  Purgy (D:4)
  2 ogres
  A centaur (D:4)
  Blork the orc (D:5)
  A hound (D:4)
  Dowan (D:5)
  A siren (Sewer)
  A mermaid (Sewer)
  2 orc wizards (D:4)
  4 worker ants (D:4)
  Ijyb (D:5)
  Terence (D:2)
  2 green rats
  4 giant mites
  15 adders
  3 worms
  4 giant geckos
  3 oozes
  3 orcs
  3 ball pythons
  13 giant cockroaches
  7 goblins
  7 hobgoblins
  11 jackals
  11 kobolds
  3 quokkas
  8 bats
  8 giant newts
  A kobold skeleton (D:4)
  30 rats
153 creatures vanquished.

Vanquished Creatures (others)
  3 drowned souls (Sewer)
  3 bats
6 creatures vanquished.

Grand Total: 159 creatures vanquished

Notes
Turn   | Place    | Note
--------------------------------------------------------------
     0 | D:1      | Heini, the Hill Orc Fighter, began the quest for the Orb.
     0 | D:1      | Reached XP level 1. HP: 19/19 MP: 1/1
    12 | D:1      | Reached XP level 2. HP: 21/27 MP: 2/2
    69 | D:1      | Reached skill level 4 in Fighting
   185 | D:1      | Reached XP level 3. HP: 30/33 MP: 3/3
   712 | D:2      | Found a shattered altar of Ashenzari.
   924 | D:2      | Noticed Terence
   936 | D:2      | Killed Terence
   936 | D:2      | Reached XP level 4. HP: 34/41 MP: 4/4
  1442 | D:2      | Found a deep blue altar of Sif Muna.
  1689 | D:3      | Reached XP level 5. HP: 47/47 MP: 5/5
  2031 | D:4      | Noticed a centaur
  2034 | D:4      | Reached skill level 5 in Axes
  2037 | D:4      | Found a blossoming altar of Fedhas.
  2057 | D:4      | Killed a centaur
  2057 | D:4      | Reached skill level 5 in Fighting
  2057 | D:4      | Reached XP level 6. HP: 21/56 MP: 6/6
  2268 | D:4      | Reached skill level 6 in Axes
  2268 | D:4      | Reached skill level 5 in Armour
  2289 | D:4      | Noticed Purgy
  2319 | D:4      | Killed Purgy
  2319 | D:4      | Reached XP level 7. HP: 38/61 MP: 7/7
  2484 | D:4      | Noticed an ogre
  2490 | D:4      | Killed an ogre
  2490 | D:4      | Reached skill level 7 in Axes
  2984 | D:5      | Entered Level 5 of the Dungeon
  2984 | D:5      | Noticed Duvessa
  2984 | D:5      | Noticed Dowan
  2984 | D:5      | Noticed Blork the orc
  3092 | D:5      | Found a glowing drain.
  3116 | Sewer    | Entered a sewer
  3484 | Sewer    | Reached skill level 8 in Axes
  3496 | Sewer    | Noticed a drowned soul
  3496 | Sewer    | Noticed a drowned soul
  3498 | Sewer    | Noticed a drowned soul
  3498 | Sewer    | Killed a drowned soul
  3498 | Sewer    | Killed a drowned soul
  3499 | Sewer    | Noticed a drowned soul
  3500 | Sewer    | Noticed a drowned soul
  3502 | Sewer    | Noticed a drowned soul
  3503 | Sewer    | Noticed a drowned soul
  3503 | Sewer    | Killed a drowned soul
  3504 | Sewer    | Noticed a drowned soul
  3505 | Sewer    | Noticed a drowned soul
  3505 | Sewer    | Noticed a drowned soul
  3686 | D:5      | Noticed Ijyb
  3706 | D:5      | Killed Ijyb
  3723 | D:5      | Reached XP level 8. HP: 70/70 MP: 8/8
  3781 | D:5      | Killed Blork the orc
  3849 | D:5      | Killed Dowan
  3857 | D:5      | Slain by Duvessa

Action                   |  1- 3 |  4- 6 |  7- 9 || total
-------------------------+-------+-------+-------++-------
Melee: War axe           |   116 |   202 |   240 ||   558
       Battleaxe         |       |       |    19 ||    19
  Use: Scroll            |       |    12 |     2 ||    14
       Potion            |       |       |     1 ||     1
